 Dungeon Crawl Stone Soup version 0.18.1-48-g4cf74bf (webtiles) character file.

384 Gargoyl the Skirmisher (level 6, -12/49 HPs)
             Began as a Demonspawn Abyssal Knight on Aug 15, 2016.
             Was a Believer of Lugonu.
             Mangled by an ogre
             ... wielding a +0 giant club
              (19 damage)
             ... on level 5 of the Dungeon.
             The game lasted 00:07:37 (2889 turns).

Gargoyl the Skirmisher (Demonspawn Abyssal Knight)  Turns: 2889, Time: 00:07:38

Health: -12/49     AC: 15    Str: 18    XL:     6   Next: 47%
Magic:  8/8        EV:  6    Int: 15    God:    Lugonu [**....]
Gold:   204        SH:  0    Dex: 12    Spells: 0 memorised, 5 levels left

rFire  . . .     SeeInvis .     a - +1 hand axe
rCold  . . .     Gourm    .     i - +0 plate armour
rNeg   . . .     Faith    .     (no shield)
rPois  .         Spirit   .     (helmet restricted)
rElec  .         Dismiss  .     (no cloak)
rCorr  .         Reflect  .     b - +2 pair of gloves
SustAt .         Harm     .     (no boots)
MR     .....                    k - amulet of regeneration
Stlth  ..........               f - +2 ring of intelligence
                                w - +3 ring of strength

@: not resistant to hostile enchantments, extremely unstealthy
A: claws 1, horns 1, talons 1, demonic guardian 1
a: Depart the Abyss, Bend Space, Renounce Religion


You were on level 5 of the Dungeon.
You worshipped Lugonu.
Lugonu was pleased with you.
You were near starving.

You visited 1 branch of the dungeon, and saw 5 of its levels.
You visited the Abyss 1 time.

You collected 204 gold pieces.

Inventory:

Hand Weapons
 a - a +1 hand axe (weapon)
Armour
 b - a +2 pair of gloves (worn)
 i - a +0 plate armour (worn)
Jewellery
 f - a +2 ring of intelligence (right hand)
 k - an amulet of regeneration (around neck)
 w - a +3 ring of strength (left hand)
Scrolls
 d - 2 scrolls of remove curse
 e - 2 scrolls of enchant armour
 g - 2 scrolls of identify {unknown}
 h - a scroll of random uselessness {unknown}
 m - a scroll of amnesia {unknown}
 q - a scroll of enchant weapon {unknown}
 t - a scroll of fear {unknown}
 u - 2 scrolls of magic mapping {unknown}
Potions
 l - a potion of mutation {unknown}
 n - a potion of cure mutation {unknown}
 o - 2 potions of curing {unknown}
 p - a potion of invisibility
 s - a potion of ambrosia {unknown}
 A - a potion of degeneration {unknown}
Comestibles
 c - 3 bread rations
 r - 9 fruits
 v - a meat ration
 z - a slice of pizza


   Skills:
 + Level 4.6 Fighting
 + Level 3.2 Axes
 * Level 4.3 Armour
 + Level 1.4 Dodging
 + Level 2.7 Invocations


You had 5 spell levels left.
You didn't know any spells.

Dungeon Overview and Level Annotations

Branches:
Dungeon (5/15)
 Temple: D:4-7

Altars:
Kikubaaqudgha
Vehumet
The Shining One

Shops:
D:4 %


Innate Abilities, Weirdness & Mutations

You have sharp fingernails.
You have a pair of small horns on your head.
You have sharp toenails.
A weak demonic guardian rushes to your aid.


Message History

You swap places.
The ogre hits your iron imp with a giant club!
Your iron imp hits the ogre!
The ogre hits your iron imp with a giant club.
Your iron imp hits the ogre!
The ogre hits your iron imp with a giant club!!
Your iron imp dies!
The ogre hits you with a giant club!
You barely miss the ogre. You claw the ogre, but do no damage.
The ogre is heavily wounded.
The ogre hits you with a giant club!
You hit the ogre. Your kick misses the ogre.
The ogre is severely wounded.
The ogre hits you with a giant club!!
* * * LOW HITPOINT WARNING * * *
You hit the ogre. You claw the ogre, but do no damage.
Your headbutt misses the ogre.
The ogre is almost dead.
The ogre hits you with a giant club!!
You die...

.# ..# #.#
#.# #######.#
#..O@.#.#
.....###.#.##
... #....# .
..#####..#
(........#
......#..#
......##.#
..### #.# .
#.######


You could see an ogre.

Vanquished Creatures
  Menkaure (D:4)
  2 orc wizards (D:3)
  A worker ant (D:4)
  A hound skeleton (D:4)
  A howler monkey zombie (D:4)
  4 gnolls (D:4)
  2 adders
  A howler monkey skeleton (D:4)
  6 worms
  A dart slug (D:3)
  2 giant geckos (D:2)
  11 orcs
  A ball python (D:4)
  2 bats
  5 giant cockroaches
  8 goblins
  5 hobgoblins
  2 jackals (D:2)
  A giant gecko skeleton (D:4)
  6 giant newts
  7 kobolds
  5 rats
75 creatures vanquished.

Notes
Turn   | Place    | Note
--------------------------------------------------------------
     0 | Abyss:1  | Gargoyl the Demonspawn Abyssal Knight began the quest for the Orb.
     0 | Abyss:1  | Reached XP level 1. HP: 18/18 MP: 2/2
    83 | Abyss:2  | Noticed a tentacled starspawn
    90 | Abyss:2  | Found a corrupted altar of Lugonu.
   120 | Abyss:2  | Noticed a deep elf demonologist
   148 | Abyss:2  | Noticed a large abomination
   155 | Abyss:2  | Noticed a freezing wraith
   156 | D:1      | Escaped the Abyss
   417 | D:1      | Gained mutation: You have sharp toenails. [demonic ancestry]
   417 | D:1      | Reached XP level 2. HP: 24/24 MP: 3/3
   865 | D:2      | Reached * piety under Lugonu
   881 | D:2      | Found a glowing golden altar of the Shining One.
   936 | D:2      | Found a radiant altar of Vehumet.
   937 | D:2      | Found an ancient bone altar of Kikubaaqudgha.
   991 | D:2      | Gained mutation: You have sharp fingernails. [demonic ancestry]
   991 | D:2      | Reached XP level 3. HP: 30/30 MP: 5/5
  1466 | D:3      | Gained mutation: You have a pair of small horns on your head. [demonic ancestry]
  1466 | D:3      | Reached XP level 4. HP: 35/37 MP: 6/6
  1687 | D:3      | Reached ** piety under Lugonu
  1869 | D:4      | Reached XP level 5. HP: 40/42 MP: 7/7
  2138 | D:4      | Found Igof's Food Shoppe.
  2222 | D:4      | Reached skill level 1 in Dodging
  2251 | D:4      | Noticed Menkaure
  2267 | D:4      | Killed Menkaure
  2267 | D:4      | Gained mutation: A weak demonic guardian rushes to your aid. [demonic ancestry]
  2267 | D:4      | Reached XP level 6. HP: 9/49 MP: 8/8
  2851 | D:5      | Entered Level 5 of the Dungeon
  2889 | D:5      | Mangled by an ogre

Skill      XL: |  1  2  3  4  5 |
---------------+----------------+-----
Armour         | 2 3 4 |  4.3
Axes           | 2 3 |  3.2
Fighting       | 4 |  4.6
Dodging        | 1 |  1.4
Invocations    | |  2.7

Action                   |  1- 3 |  4- 6 || total
-------------------------+-------+-------++-------
Melee: Hand axe          |   113 |   181 ||   294
       Kick              |    21 |    45 ||    66
       Headbutt          |       |    26 ||    26
Invok: Depart the Abyss  |     1 |       ||     1
  Use: Potion            |       |     4 ||     4
       Scroll            |       |     4 ||     4
  Eat: Chunk             |     1 |     5 ||     6
Armor: Plate armour      |    95 |   185 ||   280
       Skin              |       |     7 ||     7
Dodge: Dodged            |    23 |    57 ||    80
